 Dungeon Crawl Stone Soup version 0.30.1-11-g7821555f0a (webtiles) character file.

Game seed: 4734732906391355813

9254 Ivernyr the Cruncher (level 11, -7/89 HPs)
             Began as a Formicid Fighter on Dec 13, 2023.
             Mangled by Sonja
             ... wielding a +1 short sword of distortion
              (10 damage)
             ... on level 10 of the Dungeon.
             The game lasted 00:20:47 (8941 turns).

Ivernyr the Cruncher (Formicid Fighter)             Turns: 8941, Time: 00:20:47

Health: -7/89      AC: 12    Str: 25    XL:     11   Next: 71%
Magic:  11/11      EV: 20    Int:  8    God:
Gold:   502        SH:  7    Dex: 13    Spells: 10/10 levels left

rFire   . . .        a - +0 quarterstaff
rCold   . . .        c - +0 buckler
rNeg    . . .        b - +0 acid dragon scales
rPois   .            (helmet unavailable)
rElec   .            n - +0 cloak
rCorr   +            y - +0 pair of gloves
SInv    +            C - +0 pair of boots
Will    +....        v - amulet of regeneration
Stlth   +            J - +5 ring of evasion
HPRegen 1.14/turn    F - +5 ring of evasion
MPRegen 0.12/turn

%: no passive effects
@: no status effects
A: permanent stasis, dig shafts and tunnels, antennae 3, four strong arms
a: Dig, Shaft Self


You were on level 10 of the Dungeon.
You visited 1 branch of the dungeon, and saw 10 of its levels.
You also visited: Ossuary.

You collected 647 gold pieces.
You spent 145 gold pieces at shops.

Inventory:

Hand Weapons
 a - a +0 quarterstaff (weapon)
Missiles
 H - 5 throwing nets
Armour
 b - +0 acid dragon scales (worn)
 c - a +0 buckler (worn)
 n - a +0 cloak (worn)
 y - a +0 pair of gloves (worn)
 B - a +0 buckler of poison resistance
 C - a +0 pair of boots (worn)
Jewellery
 f - a ring of positive energy
 v - an amulet of regeneration (around neck)
 F - a +5 ring of evasion (right hand)
 J - a +5 ring of evasion (left hand)
Wands
 x - a wand of roots (15)
 M - a wand of flame (7)
Scrolls
 e - 4 scrolls of enchant weapon {unknown}
 g - 2 scrolls of poison {unknown}
 h - a scroll of fear {unknown}
 i - 9 scrolls of teleportation {unknown}
 l - 8 scrolls of identify {unknown}
 o - 2 scrolls of silence {unknown}
 p - 3 scrolls of immolation {unknown}
 u - 2 scrolls of vulnerability {unknown}
 w - 3 scrolls of amnesia {unknown}
 E - 2 scrolls of acquirement {unknown}
 I - 2 scrolls of enchant armour {unknown}
 K - 3 scrolls of fog {unknown}
 N - a scroll of magic mapping {unknown}
 O - a scroll of noise {unknown}
 P - a scroll of blinking {unknown}
Potions
 d - 2 potions of might
 j - 10 potions of curing {unknown}
 k - 5 potions of attraction {unknown}
 m - 3 potions of lignification {unknown}
 q - 3 potions of haste
 r - a potion of brilliance {unknown}
 s - 2 potions of cancellation {unknown}
 t - 2 potions of flight {unknown}
 z - a potion of mutation {unknown}
 A - 4 potions of heal wounds
 D - 2 potions of magic {unknown}
 G - a potion of resistance {unknown}
 L - 4 potions of berserk rage {unknown}


   Skills:
 + Level 9.3 Fighting
 * Level 11.3 Staves
 + Level 9.2 Armour
 + Level 11.1 Shields


You had 10 spell levels left.
You didn't know any spells.
Your spell library contained the following spells:

 Spells                   Type           Power      Damage    Failure   Level
 Foxfire                  Conj/Fire      0%         2x1d4     50%         1
 Shock                    Conj/Air       0%         1d3       50%         1
 Cigotuvi's Dreadful Rot  Necr/Pois/Air  0%         N/A       65%         2
 Hailstorm                Conj/Ice       0%         3d3       86%         3
 Ignite Poison            Fire/Tmut/Pois 0%         N/A       86%         3
 Airstrike                Air            0%         2d(0-16)  99%         4
 Ice Form                 Ice/Tmut       0%         N/A       99%         4
 Blade Hands              Tmut           0%         N/A       100%        5
 Fireball                 Conj/Fire      0%         3d3       100%        5
 Freezing Cloud           Conj/Ice/Air   0%         6-21      100%        5
 Irradiate                Conj/Tmut      0%         3d11      100%        5
 Plasma Beam              Fire/Air       0%         2x1d11    100%        6
 Simulacrum               Ice/Necr       0%         N/A       100%        6
 Starburst                Conj/Fire      0%         6d3       100%        6
 Dragon Form              Tmut           0%         N/A       100%        7
 Swiftness                Air            Unusable   N/A       N/A         3

Dungeon Overview and Level Annotations

Branches:
Dungeon (10/15)            Temple (0/1) D:7         Ossuary (visited)
   Lair: D:8-11         Orc: D:9-12

Altars:
Ashenzari
Gozag
Makhleb
Nemelex Xobeh
Qazlal
Ru
Vehumet
Xom

Shops:
D:1 *   D:4 *   D:6 :

Annotations:
D:10 1 transporter, Sonja; VictorL's ghost, journeyman HOMo


Innate Abilities, Weirdness & Mutations

You cannot be hasted, slowed, berserked, paralysed or teleported.
You can dig through walls and to a lower floor.
You have a pair of large antennae on your head. (SInv)
Your four strong arms can wield two-handed weapons with a shield.


Message History

The curare-tipped dart closely misses you.
Sonja closely misses you. Sonja completely misses you. Sonja misses you.
Sonja hits you but does no damage. Space warps horribly around you!!
Sonja barely misses you. Sonja hits you but does no damage.
Space warps around you.
You completely miss Sonja.
Sonja is lightly wounded.
You block Sonja's attack. x2; Sonja misses you.
You closely miss Sonja.
Sonja is lightly wounded.
Sonja barely misses you. Sonja hits you but does no damage.
Space warps horribly around you! Sonja misses you.
You hit Sonja.
Sonja is lightly wounded.
Sonja hits you but does no damage. Space warps around you.
Sonja barely misses you. Sonja closely misses you.
You barely miss Sonja.
Sonja is lightly wounded.
You block Sonja's attack. x2; Sonja hits you but does no damage.
Space warps horribly around you! Sonja hits you but does no damage.
Sonja hits you with a +1 short sword of distortion. x2
Space warps around you.
You miss Sonja.
Sonja is lightly wounded.
Sonja completely misses you. Sonja barely misses you.
Sonja hits you but does no damage. Space warps around you.
* * * LOW HITPOINT WARNING * * *
Unknown command.
Sonja attacks as you move away!
Sonja hits you with a +1 short sword of distortion.
* * * LOW HITPOINT WARNING * * *
Space warps horribly around you!!
* * * LOW HITPOINT WARNING * * *
Sonja completely misses you. Sonja hits you but does no damage.
Sonja attacks as you move away! Sonja closely misses you.
You block Sonja's attack. Sonja completely misses you.
Sonja hits you with a +1 short sword of distortion.
* * * LOW HITPOINT WARNING * * *
Space warps horribly around you!
You die...

.. #.. #... ##.# #
#.. ##..########
..##.##...........
..................
.
..................
.
............#######
.
.........K.........
.
.........@.........
.
#####..............
. #....<†........ ~
#...........## ~
#...........# ~
#...........# ~
#.[.........# ~
.............§. ~
...............§.


You could see Sonja.

Vanquished Creatures
  3 two-headed ogres
  A cyclops (D:7)
  A troll (D:8)
  A slime creature (D:10)
  A wraith (D:10)
  10 yaks
  3 steam dragons (D:7)
  2 acid dragons
  An orc warrior (D:8)
  2 sky beasts (D:7)
  An ice beast (D:7)
  2 black bears
  A phantom (D:5)
  7 centaurs
  4 kobold brigands
  3 bullfrogs (D:8)
  A gnoll sergeant (D:7)
  15 scorpions
  4 wights (D:8)
  6 killer bees (D:9)
  An electric eel (D:9)
  3 howler monkeys
  2 hounds
  4 jellies
  3 centaur zombies (Ossuary)
  A human zombie (Ossuary)
  5 orc priests
  6 iguanas
  A sleepcap (D:5)
  5 orc wizards
  9 scorpion zombies (Ossuary)
  3 mummies (Ossuary)
  Robin (D:4)
  4 adders
  14 gnolls
  3 shadow imps (D:7)
  5 white imps
  4 dart slugs
  29 orcs
  2 ball pythons
  4 endoplasms
  4 giant cockroaches
  13 goblins
  8 hobgoblins
  2 jackals (D:1)
  24 kobolds
  2 quokkas
  6 bats
  3 frilled lizards
  2 gnoll zombies (Ossuary)
  A goblin zombie (Ossuary)
  3 hobgoblin zombies (Ossuary)
  2 kobold zombies (Ossuary)
  3 orc zombies (Ossuary)
  22 rats
273 creatures vanquished.

Notes
Turn   | Place    | Note
-------+----------+-------------------------------------------
     0 | D:1      | Ivernyr the Formicid Fighter began the quest for the Orb.
     0 | D:1      | Reached XP level 1. HP: 18/18 MP: 1/1
    58 | D:1      | Reached XP level 2. HP: 23/24 MP: 2/2
   228 | D:1      | Found Fulef's Assorted Antiques.
   762 | D:2      | Reached XP level 3. HP: 29/29 MP: 3/3
  1040 | D:2      | Found a radiant altar of Vehumet.
  1312 | D:2      | Reached XP level 4. HP: 32/37 MP: 4/4
  1868 | D:3      | Reached XP level 5. HP: 35/42 MP: 5/5
  1954 | D:3      | Found a burning altar of Makhleb.
  2074 | D:3      | Found a broken altar of Ashenzari.
  2251 | D:4      | Reached skill level 5 in Shields
  2439 | D:4      | Reached XP level 6. HP: 48/48 MP: 6/6
  2491 | D:4      | Noticed a black bear
  2492 | D:4      | Noticed Robin
  2513 | D:4      | Killed a black bear
  2537 | D:4      | You fall into a shaft and drop 1 floor!
  2537 | D:5      | Entered Level 5 of the Dungeon
  2849 | D:5      | Reached XP level 7. HP: 49/55 MP: 7/7
  3072 | D:4      | Reached skill level 5 in Staves
  3122 | D:4      | Killed Robin
  3189 | D:4      | Reached skill level 5 in Fighting
  3215 | D:4      | Reached skill level 5 in Armour
  3332 | D:4      | Reached XP level 8. HP: 52/62 MP: 8/8
  3549 | D:4      | Found Miman's General Store.
  3552 | D:4      | Bought a potion of heal wounds for 50 gold pieces
  3552 | D:4      | Bought a +0 buckler of poison resistance for 85 gold pieces
  3552 | D:4      | Bought a potion of degeneration for 10 gold pieces
  4854 | D:6      | Found Udei's Tremendous Tomes.
  5062 | D:7      | Reached XP level 9. HP: 57/69 MP: 9/9
  5135 | D:7      | Found a staircase to the Ecumenical Temple.
  5227 | D:7      | Found a sand-covered staircase.
  5232 | Ossuary  | Entered an ossuary
  5785 | D:7      | Noticed a cyclops
  5789 | D:7      | Noticed a two-headed ogre
  5800 | D:7      | Killed a two-headed ogre
  5801 | D:7      | Reached XP level 10. HP: 27/79 MP: 10/10
  5803 | D:7      | You fall into a shaft and drop 3 floors!
  5803 | D:10     | Entered Level 10 of the Dungeon
  5910 | D:10     | Found a transporter.
  5911 | D:10     | Noticed a two-headed ogre
  5911 | D:10     | Noticed a two-headed ogre
  5911 | D:10     | Identified the +8 dire flail of Light {vamp, rF+ Int+3
                  | Dex+2}
  5911 | D:10     | Noticed a two-headed ogre
  5911 | D:10     | Noticed VictorL's ghost (journeyman HOMo)
  5911 | D:10     | Found the +6 arbalest "Damnation" {damnation}
  5911 | D:10     | Noticed a two-headed ogre
  5957 | D:10     | Noticed a two-headed ogre
  5973 | D:10     | Killed a two-headed ogre
  6139 | D:10     | Reached skill level 10 in Staves
  6226 | D:9      | Reached skill level 10 in Shields
  6264 | D:9      | Reached XP level 11. HP: 61/87 MP: 11/11
  6921 | D:8      | Found a stormy altar of Qazlal.
  7070 | D:8      | Identified the +2 scale mail "Piloehic" {Rampage rC- rCorr
                  | Str+4}
  7194 | D:8      | Noticed a two-headed ogre
  7207 | D:8      | Killed a two-headed ogre
  7730 | D:7      | Found a sparkling altar of Nemelex Xobeh.
  7817 | D:7      | Found a sacrificial altar of Ru.
  7823 | D:7      | Found an opulent altar of Gozag.
  8242 | D:7      | Killed a cyclops
  8744 | D:9      | Found a shimmering altar of Xom.
  8830 | D:10     | Noticed Sonja
  8939 | D:10     | HP: 1/89 [Sonja/+1 short sword of distortion (21)]
  8941 | D:10     | Mangled by Sonja

Illustrated notes

Levels and vault maps discovered:
D:1:      elethiomel_arrival_infinity_welcomes_careful_drivers, layout_basic,
          serial_shops, nicolae_shop_tiny_glass, chequers_garden,
          serial_park_tiny_1
D:2:      layout_basic, basic_altar, hangedman_abyss_or_decor_lesser_grid,
          minmay_rat_hole
D:3:      layout_basic, lemuel_doored_altar, mainiacjoe_overflow_catwalk
D:4:      layout_basic, serial_shops, nicolae_shop_tiny_real_fake_doors,
          nicolae_nh_ransacked_shop, uniq_robin
D:5:      layout_basic
D:6:      layout_cave_pods, minmay_misc_feat_four_crosses,
          nicolae_shop_i_like_big_books
D:7:      kennysheep_windowed_halls, layout_basic, nemelex_diamond_rough_becter,
          amethyst_overflow_temple_binary, minmay_temple_entry_overgrown,
          nicolae_ossuary_entry_false_entrances
D:8:      layout_basic, amcnicky_altar_gilded
D:9:      layout_cave_pools, tgw_xom, minmay_misc_feat_pillars,
          nicolae_water_bricks
D:10:     layout_long_grid, lemuel_round_altar, nicolae_dithmenos_the_darkroom,
          lair_entry_dummy, gammafunk_ghost_smash, enter_bailey_2,
          serial_bayou_pond_a, st_stairs_4, uniq_sonja

Skill      XL: |  1  2  3  4  5  6  7  8  9 10 11 |
---------------+----------------------------------+-----
Staves         | 3 4 5 6 8 10 11 | 11.3
Fighting       | 4 5 6 7 8 9 |  9.3
Armour         | 4 5 6 7 8 9 |  9.2
Shields        | 5 6 7 9 10 11 | 11.1

Action                     |  1- 3 |  4- 6 |  7- 9 | 10-12 || total
---------------------------+-------+-------+-------+-------++-------
  Melee: Quarterstaff      |    81 |   147 |   417 |   483 ||  1128
Ability: Shaft Self        |       |     1 |       |     1 ||     2
         Dig               |       |       |       |     2 ||     2
    Use: Potion            |       |       |       |     1 ||     1
 Armour: Scale mail        |    33 |    75 |   154 |    32 ||   294
         Acid dragon scale |       |       |       |    60 ||    60
  Dodge: Dodged            |    39 |    73 |   257 |   360 ||   729
  Block: Buckler           |    19 |    41 |   118 |   142 ||   320
